 Dungeon Crawl Stone Soup version 0.29.0-4-gdea44cf6ec (webtiles) character file.

Game seed: 1783560230459109977

193 qw the Chopper (level 5, -1/30 HPs)
             Began as a Tengu Warper on Aug 28, 2022.
             Slain by Grinder (3 damage)
             ... on level 4 of the Dungeon.
             The game lasted 00:00:17 (3194 turns).

qw the Chopper (Tengu Warper)                       Turns: 3194, Time: 00:00:17

Health: -1/30      AC:  6    Str: 13    XL:     5   Next: 72%
Magic:  9/9        EV: 13    Int: 14    God:
Gold:   124        SH:  0    Dex: 13    Spells: 8/8 levels left

rFire   . . .      SeeInvis .   d - +0 war axe
rCold   . . .      Faith    .   (no shield)
rNeg    . . .      Spirit   .   g - +0 ring mail {rPois}
rPois   +          Reflect  .   (helmet restricted)
rElec   .          Harm     .   k - +0 cloak
rCorr   .          Rampage  .   (no gloves)
Will    .....                   (boots unavailable)
Stlth   +.........              (no amulet)
HPRegen 0.10/turn               (no ring)
MPRegen 0.11/turn               (no ring)

@: flying quickly and evasively, quick
A: beak, talons 3, nimble flight
a: no special abilities


You were on level 4 of the Dungeon.
You visited 1 branch of the dungeon, and saw 4 of its levels.

You collected 124 gold pieces.


Innate Abilities, Weirdness & Mutations

You have a beak for a mouth.
You have claws for feet.
Your magical nature lets you fly swiftly and evasively.


   Skills:
 - Level 2.0 Fighting
 + Level 6.3 Axes
 - Level 1.0 Throwing
 - Level 1.1 Armour
 - Level 2.1 Dodging
 - Level 2.0 Spellcasting
 - Level 2.4 Translocations


You had 8 spell levels left.
You didn't know any spells.
Your spell library contained the following spells:

 Spells                   Type           Power      Damage    Failure   Level
 Blink                    Tloc           16%        N/A       28%         2
 Gell's Gravitas          Tloc           8%         N/A       50%         3
 Lesser Beckoning         Tloc           8%         N/A       50%         3
 Teleport Other           Tloc           8%         N/A       50%         3
 Manifold Assault         Tloc           8%         N/A       99%         5

Inventory:

Hand Weapons
 d - a +0 war axe (weapon)
 e - a +0 whip
Missiles
 c - 2 javelins (quivered)
Armour
 g - a +0 ring mail of poison resistance (worn)
 k - a +0 cloak (worn)
Scrolls
 a - a scroll of identify
Potions
 b - a potion of mutation
 f - a potion of curing
 l - a potion of heal wounds {unknown}

Dungeon Overview and Level Annotations

Branches:
Dungeon (4/15)
 Temple: D:4-7

Altars:
Gozag
Nemelex Xobeh

Annotations:
D:4 Grinder


Message History

The scorpion stings you but does no damage.
You slash the scorpion! You claw the scorpion.
You kill the scorpion!
Your Axes skill increases to level 6!
You see here a scorpion corpse.
Grinder comes into view.
Grinder shouts!
You see here 9 gold pieces.
Grinder blinks!
3182 ||| Stepping ~*~*~tactically~*~*~ (hiding).
You now have 124 gold pieces (gained 9).
You start waiting.
Grinder is nearby!
Grinder closely misses you.
You hit Grinder.
Grinder is lightly wounded.
Grinder barely misses you.
You closely miss Grinder.
Grinder is lightly wounded.
Grinder hits you.
You hit Grinder but do no damage. You claw Grinder. Your peck misses Grinder.
Grinder is lightly wounded.
Grinder hits you.
You writhe in agony.
Grinder barely misses you.
You hit Grinder but do no damage. You claw Grinder, but do no damage.
Your peck misses Grinder.
Grinder is lightly wounded.
Grinder hits you.
You barely miss Grinder. Your kick misses Grinder. You peck Grinder.
Grinder is lightly wounded.
Grinder barely misses you.
You closely miss Grinder. You claw Grinder.
Grinder is moderately wounded.
Grinder blinks!
You hit Grinder. You claw Grinder. You peck Grinder, but do no damage.
Grinder is heavily wounded.
Grinder misses you.
You hit Grinder but do no damage.
Grinder is heavily wounded.
Grinder hits you.
You writhe in agony.
Grinder hits you.
You writhe in agony.
You die...

####### #.# ##..
....... #.. .......
....... ..# ....<..
....... #.# .......
....... ###.# ...(...
......(##...##.......
.......@5(..........#
.......##...%........
....... #####.......#
.......####.#.......#
.......#...<#.......#
#########...........#
#.....######. #.....#
#[....#


You could see Grinder.

Vanquished Creatures
  A scorpion (D:4)
  4 adders
  4 worms
  A dart slug (D:1)
  An orc (D:3)
  8 bats
  6 endoplasms
  5 giant cockroaches
  3 goblins
  6 hobgoblins
  21 jackals
  4 kobolds
  4 quokkas
  6 ball pythons
  A frilled lizard (D:3)
  2 rats
77 creatures vanquished.

Notes
Turn   | Place    | Note
-------+----------+-------------------------------------------
     0 | D:1      | qw the Tengu Warper began the quest for the Orb.
     0 | D:1      | Reached XP level 1. HP: 12/12 MP: 4/4
     0 | D:1      | 0 ||| qw: Version: 0.1-a-89-g26bdef1
     0 | D:1      | 0 ||| qw: Game counter: 2566
     0 | D:1      | 0 ||| qw: Always use a shield: true
     0 | D:1      | 0 ||| qw: God list: Okawaru
     0 | D:1      | 0 ||| qw: Allow faded altars: false
     0 | D:1      | 0 ||| qw: Do Orc after D:15 true
     0 | D:1      | 0 ||| qw: Do second Lair branch before Depths: true
     0 | D:1      | 0 ||| qw: Lair rune preference: random
     0 | D:1      | 0 ||| qw: Plans: Normal
     0 | D:1      | 0 ||| PLANNING D:1-11
   281 | D:1      | Reached skill level 3 in Axes
   281 | D:1      | Reached XP level 2. HP: 14/17 MP: 6/6
   447 | D:1      | HP: 4/17 [jackal (1)]
   705 | D:1      | Found a faded altar of an unknown god.
   751 | D:1      | Reached XP level 3. HP: 21/21 MP: 7/7
  1129 | D:1      | Reached skill level 4 in Axes
  1446 | D:1      | 1446 ||| UPGRADING to +0 ring mail of poison resistance.
  1456 | D:1      | 1456 ||| DROPPING +0 leather armour.
  1457 | D:1      | 1457 ||| DROPPING scroll of blinking.
  1574 | D:2      | 1574 ||| FLEEEEING.
  1575 | D:2      | 1575 ||| FLEEEEING.
  1582 | D:2      | HP: 2/21 [worm (8)]
  2104 | D:2      | Reached XP level 4. HP: 21/26 MP: 8/8
  2137 | D:2      | 2137 ||| Stepping ~*~*~tactically~*~*~ (stealth).
  2306 | D:2      | Reached skill level 5 in Axes
  2419 | D:2      | 2419 ||| UPGRADING to +0 cloak.
  2424 | D:2      | 2424 ||| READING 3 scrolls labelled BEDDORUGIJ.
  2425 | D:2      | 2425 ||| READING scroll labelled UGEORCHOMORPH.
  2426 | D:2      | 2426 ||| READING scroll labelled ZETHRA JENLUTI.
  2431 | D:2      | 2431 ||| READING scroll labelled SIURGH ATYSEIW.
  2432 | D:2      | 2432 ||| READING scroll labelled WOICLE HIUPN.
  2433 | D:2      | 2433 ||| READING 2 scrolls of identify.
  2433 | D:2      | 2433 ||| IDENTIFYING smoky sapphire potion
  2434 | D:2      | 2434 ||| DROPPING potion of flight.
  2503 | D:3      | Found an opulent altar of Gozag.
  2722 | D:3      | Found a sparkling altar of Nemelex Xobeh.
  2736 | D:3      | 2736 ||| DROPPING +0 club.
  2770 | D:3      | 2770 ||| Stepping ~*~*~tactically~*~*~ (stealth).
  2773 | D:3      | 2773 ||| Stepping ~*~*~tactically~*~*~ (stealth).
  2781 | D:3      | Gained mutation: Your magical nature lets you fly swiftly
                  | and evasively. [Tengu growth]
  2781 | D:3      | Reached XP level 5. HP: 30/30 MP: 9/9
  2805 | D:3      | 2805 ||| SWAPPING to +0 war axe.
  2828 | D:3      | 2828 ||| DROPPING +0 hand axe.
  2910 | D:3      | 2910 ||| Stepping ~*~*~tactically~*~*~ (stealth).
  3137 | D:3      | 3137 ||| READING 3 scrolls of identify.
  3137 | D:3      | 3137 ||| IDENTIFYING smoky grey potion
  3138 | D:3      | 3138 ||| READING 2 scrolls of identify.
  3138 | D:3      | 3138 ||| IDENTIFYING cyan potion
  3177 | D:4      | Reached skill level 6 in Axes
  3180 | D:4      | Noticed Grinder
  3182 | D:4      | 3182 ||| Stepping ~*~*~tactically~*~*~ (hiding).
  3194 | D:4      | HP: 6/30 [Grinder (6)]
  3194 | D:4      | HP: 2/30 [Grinder (4)]
  3194 | D:4      | Slain by Grinder

Levels and vault maps discovered:
D:1:      lemuel_arrival_room, layout_basic,
          hellmonk_ecumenical_altar_crossroads
D:2:      layout_basic, small_statue_intersection,
          chequers_serial_rivers_micro_a, minmay_octomino_c4
D:3:      layout_basic, nemelex_xobeh_ov_fountains_minmay,
          mainiacjoe_overflow_brackets
D:4:      layout_basic, chei_slow_surprise, chequers_temple_overflow_minitemple,
          nicolae_elyvilon_peaceful_grove, uniq_grinder

Skill      XL: |  1  2  3  4  5 |
---------------+----------------+-----
Axes           | 3 4 5 6 |  6.3
Fighting       | |  2.0
Throwing       | |  1.0
Armour         | |  1.1
Dodging        | |  2.1
Spellcasting   | |  2.0
Translocations | |  2.4

Action                   |  1- 3 |  4- 6 || total
-------------------------+-------+-------++-------
Melee: Hand axe          |   102 |    54 ||   156
       Peck              |    11 |    19 ||    30
       Punch             |     2 |     1 ||     3
       Kick              |    24 |    23 ||    47
       War axe           |       |    38 ||    38
Throw: Boomerang         |     7 |       ||     7
       Javelin           |       |    18 ||    18
  Use: Scroll            |       |     8 ||     8
Armor: Leather armour    |    15 |       ||    15
       Ring mail         |    11 |    31 ||    42
Dodge: Dodged            |    64 |    59 ||   123

Table legend:
 A = Non-vault XP
 B = Vault XP
 C = Vault XP percentage of total XP
 D = Non-vault monster count
 E = Vault monster count
 F = Vault count percentage of total count
                 A         B        C        D         E       F
            +---------+---------+-------+---------+---------+-------
      Total |     259 |      17 |   6.2 |      69 |       8 |  10.4
            +---------+---------+-------+---------+---------+-------
        D:1 |      47 |       0 |   0.0 |      25 |       0 |   0.0
        D:2 |      56 |      17 |  23.3 |      16 |       8 |  33.3
        D:3 |      76 |       0 |   0.0 |      27 |       0 |   0.0
        D:4 |      80 |       0 |   0.0 |       1 |       0 |   0.0
            +---------+---------+-------+---------+---------+-------
